 Dungeon Crawl Stone Soup version 0.32-a0-131-g9dbbe29261 (webtiles) character file.

Game seed: 14608936255344313580

50 zeratav the Sneak (level 3, 0/20 (23) HPs)
             Began as an Octopode Shapeshifter on Feb 8, 2024.
             Slain by a gnoll
             ... wielding a +2 flail of draining
              (1 damage)
             ... on level 2 of the Dungeon.
             The game lasted 00:01:14 (921 turns).

zeratav the Sneak (Octopode Shapeshifter)            Turns: 921, Time: 00:01:14

HP:   0/20 (23)     AC:  1    Str: 15    XL:     3   Next: 79%
MP:   3/3           EV: 13    Int: 12    God:
Gold: 136           SH:  0    Dex: 11    Spells: 2/2 levels left

rFire   . . .        f - +3 short sword {short}
rCold   . . .        (no shield)
rNeg    . . .        (helmet currently unavailable)
rPois   .            (no amulet)
rElec   .            (no ring)
rCorr   .            (no ring)
SInv    .            (no ring)
Will    .....        (no ring)
Stlth   ++++         (no ring)
HPRegen 0.23/turn    (no ring)
MPRegen 0.08/turn    (no ring)
                     (no ring)

%: no passive effects
@: beast-form, heavily drained
A: beast (slay +1), almost no armour, amphibious, 8 rings, camouflage 1,
gelatinous body 1, (nimble swimmer 1), tentacles
a: Begin Untransformation


You were on level 2 of the Dungeon.
You were a hulking beast.
You visited 1 branch of the dungeon, and saw 2 of its levels.

You collected 136 gold pieces.


Innate Abilities, Weirdness & Mutations

You are a hulking beast.
Your limbs bulge with bestial killing power. (Slay +1)
You cannot wear most types of armour.
You are amphibious.
You can wear up to eight rings at the same time.
Your skin changes colour to match your surroundings (Stealth+).
Your rubbery body absorbs attacks. (AC +1, EV +1)
((You are camouflaged when in or above water. (Stealth+)))
You have tentacles for arms and can constrict up to eight enemies at once.


   Skills:
 - Level 1.0 Fighting
 - Level 2.0 Dodging
 + Level 4.8 Stealth
 - Level 3.0 Unarmed Combat
 - Level 3.0 Shapeshifting


You had 2 spell levels left.
You didn't know any spells.
Your spell library contained the following spells:

 Spells                   Type           Power      Damage    Failure   Level
 Ensorcelled Hibernation  Hex/Ice        0%         N/A       45%         2
 Passwall                 Erth           0%         N/A       69%         3
 Swiftness                Air            0%         N/A       69%         3

Inventory:

Hand Weapons
 f - a +3 short sword (weapon) {short}
   (You took it off a kobold on level 1 of the Dungeon)
Talismans
 b - a beast talisman
 c - a flux talisman
Scrolls
 d - a scroll of blinking {unknown}
 e - a scroll of silence {unknown}
 h - 2 scrolls of identify {unknown}
 j - a scroll of enchant armour {unknown}
Potions
 a - 2 potions of lignification {!q}
 g - a potion of cancellation {unknown}
 i - a potion of curing {unknown}

Dungeon Overview and Level Annotations

Branches:
Dungeon (2/15) Zot: 11080

Altars:

Shops:
D:2

(
###.##.............#....
#) #.(.............<...
# #........#.#..#.#.## ♣
###..∩.......... .. ..
#.#.#######.. #..♣
###..# #..).♣♣ ##.#
#.♣....♣♣#.#
+.....gh...#
#..♣..)♣♣### #....♣♣
#..♣ .) ♣


You could see a gnoll.


Message History

Found a stone staircase leading up.
The kobold shouts!
You hear a shout!
You barely miss the kobold. Your grab misses the kobold.
You squeeze the kobold. The kobold barely misses you.
You puncture the kobold!
You kill the kobold!
A goblin comes into view. It is wielding a +0 club.
You puncture the ribbon worm! Your grab misses the ribbon worm.
You tentacle-slap the ribbon worm, but do no damage.
Your squeeze misses the ribbon worm. The ribbon worm bites you.
HP[-4]
You take 4 damage, and now have 19/23 hp.
You hit the ribbon worm. You grab the ribbon worm.
You constrict the ribbon worm.
The ribbon worm expels a string of sticky webbing.
The stream of webbing hits you but does no damage.
You are caught in a web!
You struggle to detach yourself from the web.
You constrict the ribbon worm. The ribbon worm bites you.
HP[-1]
You take 1 damage, and now have 18/23 hp.
You struggle to detach yourself from the web.
You constrict the ribbon worm.
You kill the ribbon worm!
The goblin hits you but does no damage.
The web tears apart.
The goblin closely misses you.
HP[+1]
You hit the goblin. Your grab misses the goblin.
Your squeeze misses the goblin. The goblin hits you with a +0 club.
HP[-1]
You take 1 damage, and now have 18/23 hp.
You puncture the goblin!
You kill the goblin!
No target in view!
No target in view!
No target in view!
No target in view!
No target in view!
No target in view!
No target in view!
No target in view!
No target in view!
No target in view!
No target in view!
No target in view!
h - a scroll labelled YSUGIO WUDOXER HP[+5]
Your hp is fully restored (23).
An endoplasm comes into view.
An endoplasm is nearby!
An endoplasm is nearby!
The endoplasm quivers.
You hit the endoplasm. The endoplasm freezes you.
You are frozen.
HP[-5]
You take 5 damage, and now have 18/23 hp.
MASSIVE DAMAGE!! (PAUSE)
You hit the endoplasm.
You kill the endoplasm!
No target in view!
No target in view!
No target in view!
No target in view!
No target in view!
No target in view!
No target in view!
No target in view!
No target in view!
No target in view!
No target in view!
No target in view!
No target in view!
h - 2 scrolls labelled YSUGIO WUDOXER (gained 1)
Found Mufuol's Weapon Shoppe.
HP[+5]
Your hp is fully restored (23).
There is an entrance to Mufuol's Weapon Shoppe here.
No target in view!
No target in view!
i - a black potion A gnoll comes into view.
It is wielding a +2 flail of draining.
A gnoll is nearby!
The gnoll shouts!
You see here a scroll labelled OSCHUA LYWIR.
j - a scroll labelled OSCHUA LYWIR The gnoll hits you with a +2 flail of draining!
You feel drained.
* * * LOW HITPOINT WARNING * * *
HP[-16]
You now have 21 max hp (-2).
You take 16 damage, and now have 7/21 hp.
MASSIVE DAMAGE!! (PAUSE)
You are too injured to fight recklessly!
Unknown command.
You hit the gnoll. Your grab misses the gnoll. Your squeeze misses the gnoll.
The gnoll hits you with a +2 flail of draining!
* * * LOW HITPOINT WARNING * * *
You feel drained.
You die...

Skill      XL: |  1  2  3 |
---------------+----------+-----
Stealth        | 2 3 4 |  4.8
Fighting       | |  1.0
Dodging        | |  2.0
Unarmed Combat | |  3.0
Shapeshifting  | |  3.0

Action                     || total
---------------------------++-------
  Melee: Unarmed           ||    25
         Constrict         ||    12
         Short sword       ||    49
         Tentacles         ||     3
         Punch             ||     3
   Stab: Sleeping          ||     9
         Distracted        ||     1
 Armour: Skin              ||    25
  Dodge: Dodged            ||    34

Levels and vault maps discovered:
D:1:      ebering_hopf_link, layout_rooms,
          hellmonk_ecumenical_altar_defaced_shrine,
          minmay_misc_feat_four_crosses, minmay_pentomino_w2
D:2:      layout_basic, serial_shops, shop, nicolae_shop_tiny_waterfront, shop,
          pf_guarded_unrand_woodcutter

Notes
Turn   | Place    | Note
-------+----------+-------------------------------------------
     0 | D:1      | zeratav the Octopode Shapeshifter began the quest for the
                  | Orb.
     0 | D:1      | Reached XP level 1. HP: 13/13 MP: 1/1
     0 | D:1      | magus.rc [v1.9.6]
    35 | D:1      | Reached skill level 1 in Stealth
    62 | D:1      | Reached skill level 2 in Stealth
    66 | D:1      | Reached XP level 2. HP: 14/18 MP: 2/2
   144 | D:1      | HP: 4/18 [frozen (5)]
   152 | D:1      | HP: 4/18 [kobold/+3 short sword (2)]
   154 | D:1      | Reached skill level 3 in Stealth
   249 | D:1      | HP: 2/18 [dart slug (3)]
   258 | D:1      | Reached XP level 3. HP: 5/23 MP: 3/3
   354 | D:1      | Found a faded altar of an unknown god.
   384 | D:1      | Reached skill level 4 in Stealth
   710 | D:2      | You pick up a book of Burglary and begin reading...
   710 | D:2      | You add the spells Ensorcelled Hibernation, Swiftness and
                  | Passwall to your library.
   900 | D:2      | Found Mufuol's Weapon Shoppe.
   921 | D:2      | HP: 1/21 [gnoll/+2 flail of draining (7)]
   921 | D:2      | Slain by a gnoll

Vanquished Creatures
  2 dart slugs (D:1)
  A ribbon worm (D:2)
  5 bats
  5 endoplasms
  4 giant cockroaches (D:1)
  3 goblins
  6 hobgoblins
  3 kobolds
  A quokka (D:1)
  4 ball pythons (D:1)
  3 frilled lizards
  2 rats
39 creatures vanquished.

Table legend:
 A = Non-vault XP
 B = Vault XP
 C = Vault XP percentage of total XP
 D = Non-vault monster count
 E = Vault monster count
 F = Vault count percentage of total count
                 A         B        C        D         E       F
            +---------+---------+-------+---------+---------+-------
      Total |      59 |      13 |  18.1 |      34 |       5 |  12.8
            +---------+---------+-------+---------+---------+-------
        D:1 |      45 |      13 |  22.4 |      26 |       5 |  16.1
        D:2 |      14 |       0 |   0.0 |       8 |       0 |   0.0
            +---------+---------+-------+---------+---------+-------

Skill      XL: |  1  2  3 |
---------------+----------+-----
Stealth        | 2 3 4 |  4.8
Fighting       | |  1.0
Dodging        | |  2.0
Unarmed Combat | |  3.0
Shapeshifting  | |  3.0

Action                     || total
---------------------------++-------
  Melee: Unarmed           ||    25
         Constrict         ||    12
         Short sword       ||    49
         Tentacles         ||     3
         Punch             ||     3
   Stab: Sleeping          ||     9
         Distracted        ||     1
 Armour: Skin              ||    25
  Dodge: Dodged            ||    34

Illustrated notes

Table legend:
 A = Kills in this place as a percentage of kills in the entire game.
 B = Kills by you in this place as a percentage of kills by you in the entire game.
 C = Kills by friends in this place as a percentage of kills by friends in the entire game.
 D = Other kills in this place as a percentage of other kills in the entire game.
 E = Experience gained in this place as a percentage of experience gained in the entire game.
 F = Experience gained in this place divided by the number of levels of this place that you have seen.
                   A       B       C       D       E      F
               +-------+-------+-------+-------+-------+----------------------
         Total | 100.0 | 100.0 |   N/A |   N/A | 100.0 |  36.0
       Dungeon | 100.0 | 100.0 |   N/A |   N/A | 100.0 |  36.0
               +-------+-------+-------+-------+-------+----------------------

Table legend: (Time is in decaauts)
 A = Elapsed time spent in this place.
 B = Non-inter-level travel time spent in this place.
 C = Inter-level travel time spent in this place.
 D = Time resting spent in this place.
 E = Time spent auto-exploring this place.
 F = Levels seen in this place.
 G = Mean time per level.
                   A        B        C        D        E       F      G
               +--------+--------+--------+--------+--------+-----+--------+
         Total |    918 |    887 |     31 |     77 |    594 |   2 |  459.0 |
       Dungeon |    918 |    887 |     31 |     77 |    594 |   2 |  459.0 |
               +--------+--------+--------+--------+--------+-----+--------+

Top non-repeatable levels by time:
     D:1: 699 daAuts
     D:2: 219 daAuts
